 Dungeon Crawl Stone Soup version 0.18-a0-1639-g7533f42 (webtiles) character file.

282686 Ijustatesigmund the Warrior (level 20, -9/134 HPs)
             Began as a Gargoyle Conjurer on Mar 26, 2016.
             Was the Champion of Vehumet.
             Mangled by a vault warden
             ... wielding a +0 battleaxe of flaming
              (17 damage)
             ... on level 4 of the Vaults on Mar 27, 2016.
             The game lasted 05:38:11 (61326 turns).

Ijustatesigmund the Warrior (Gargoyle Conjurer)    Turns: 61326, Time: 05:38:13

Health: -9/134     AC: 46    Str: 19    XL:     20   Next: 54%
Magic:  26/26      EV: 20    Int: 21    God:    Vehumet [******]
Gold:   2130       SH:  7    Dex: 20    Spells: 12 memorised, 0 levels left

rFire  + + +     SeeInvis +     Z - +3 morningstar (protect)
rCold  + + +     Gourm    .     W - +6 scale mail of the Illusory Suns {*Corrode rPois Slay+5 SInv}
rNeg   + . .     Faith    .     r - +0 buckler {reflect}
rPois  ∞         Spirit   .     T - +1 helmet {Int+3}
rElec  +         Dismiss  .     z - +2 cloak {MR+}
rCorr  .         Reflect  +     s - +1 pair of gloves
SustAt .         Harm     .     I - +2 pair of boots {Fly}
MR     ++...                    C - amulet of rage
Stlth  +++++.....               N - ring of Ysasexku {rF+++ rC+++ Str+4 Dex-3}
                                B - ring of Woigi {rF+ MP-9 Dex+4 Slay+4}

@: agile, exhausted, very slightly contaminated, slowed, invisible, very slow,
very resistant to hostile enchantments, quite stealthy
A: big wings, negative energy resistance 1, electricity resistance, unbreathing,
petrification resistance, rot immunity, AC +15
a: Fly, Renounce Religion, Evoke Berserk Rage, Evoke Flight
}: 2/15 runes: decaying, gossamer


You were on level 4 of the Vaults.
You worshipped Vehumet.
Vehumet was exalted by your worship.
You were not hungry.

You visited 7 branches of the dungeon, and saw 38 of its levels.
You visited the Abyss 1 time.
You also visited: Ossuary.

You collected 4273 gold pieces.
You spent 2143 gold pieces at shops.

Inventory:

Hand Weapons
 d - a +8 morningstar of freezing
 o - a +0 blowgun of evasion
 Z - a +3 morningstar of protection (weapon)
Missiles
 X - 14 curare-tipped needles
Armour
 r - a +0 buckler of reflection (worn)
 s - a +1 pair of gloves (worn)
 t - the +0 helmet "Fuix" {rPois Regen+ Int-5}
   (You bought it in a shop on level 3 of the Vaults)

   It affects your intelligence (-5).
   It protects you from poison.
   It increases your rate of regeneration.
 z - a +2 cloak of magic resistance (worn)
 I - a +2 pair of boots of flying (worn)
 L - a +2 shield of protection
 T - a +1 helmet of intelligence (worn)
 W - the +6 scale mail of the Illusory Suns (worn) {*Corrode rPois Slay+5 SInv}
   (You bought it in a shop on level 3 of the Vaults)

   It affects your accuracy and damage with ranged weapons and melee attacks
   (+5).
   It protects you from poison.
   It lets you see invisible.
   It may corrode you when you take damage.
Jewellery
 h - the ring of the Manifold Seas {rCorr Slay+2 Stlth+}
   (You bought it in a shop on level 2 of the Orcish Mines)

   [ring of resist corrosion]

   It affects your accuracy and damage with ranged weapons and melee attacks
   (+2).
   It makes you more stealthy.
 y - a +3 amulet of reflection
 B - the ring of Woigi (left hand) {rF+ MP-9 Dex+4 Slay+4}
   (You found it on level 13 of the Dungeon)

   [ring of slaying]

   It affects your dexterity (+4).
   It affects your accuracy and damage with ranged weapons and melee attacks
   (+4).
   It protects you from fire.
   It affects your magic capacity (-9).
 C - an amulet of rage (around neck)
 E - the ring "Pekot" {Dex-3 Slay+6 SInv Stlth+}
   (You found it on level 2 of the Swamp)

   [ring of stealth]

   It affects your dexterity (-3).
   It affects your accuracy and damage with ranged weapons and melee attacks
   (+6).
   It lets you see invisible.
   It makes you more stealthy.
 H - the ring "Ydirir" {+Blink rPois AC+1}
   (You found it on level 2 of the Vaults)

   [ring of protection]

   It affects your AC (+1).
   It protects you from poison.
   It lets you blink.
 N - the ring of Ysasexku (right hand) {rF+++ rC+++ Str+4 Dex-3}
   (You found it on level 2 of the Lair of Beasts)

   [ring of strength]

   It affects your strength (+4).
   It affects your dexterity (-3).
   It renders you almost immune to fire.
   It renders you almost immune to cold.
Wands
 a - a wand of digging (10/24)
 q - a wand of disintegration (3/24)
 x - a wand of teleportation (0/9)
 A - a wand of iceblast (9/15)
 F - a wand of enslavement (18/24)
 P - a wand of lightning (8/15)
 Q - a wand of polymorph (10/24)
 V - a wand of acid (3/15)
 Y - a wand of lightning (8/15)
Scrolls
 i - 20 scrolls of remove curse
 p - a scroll of identify
 M - 2 scrolls of silence
 O - 4 scrolls of fog
 R - 2 scrolls of fear
Potions
 b - a potion of cancellation
 e - 9 potions of lignification
 g - 2 potions of resistance
 l - 6 potions of curing
 m - a potion of agility
 u - 7 potions of brilliance
 v - 3 potions of ambrosia
 w - 3 potions of mutation
 G - 2 potions of might
 S - 2 potions of magic
Miscellaneous
 k - a stone of tremors
 D - a box of beasts {used: 3}
 K - a disc of storms
 U - a phantom mirror
Comestibles
 f - 5 meat rations
 n - 6 bread rations


   Skills:
 - Level 17.0 Fighting
 - Level 14.7 Maces & Flails
 - Level 7.0 Throwing
 - Level 9.0 Armour
 - Level 7.4 Dodging
 - Level 11.0 Stealth
 - Level 8.4 Shields
 - Level 11.7 Spellcasting
 + Level 13.1 Conjurations
 - Level 3.1 Hexes
 - Level 3.1 Summonings
 - Level 4.0 Transmutations
 - Level 4.3 Fire Magic
 + Level 7.4 Air Magic
 - Level 4.3 Earth Magic
 + Level 7.9 Poison Magic
 - Level 7.3 Evocations


You couldn't memorise any spells.
You knew the following spells:

 Your Spells              Type           Power        Failure   Level  Hunger
a - Magic Dart            Conj           ####         1%          1    None
b - Searing Ray           Conj           ######       1%          2    None
c - Dazzling Spray        Conj/Hex       #####...     1%          3    None
d - Conjure Flame         Conj/Fire      #####...     1%          3    None
e - Mephitic Cloud        Conj/Pois/Air  ######..     1%          3    None
f - Ignite Poison         Fire/Trmt/Pois #####...     1%          3    None
g - Poisonous Cloud       Conj/Pois/Air  ######....   16%         6    ######.
h - Orb of Destruction    Conj           ######....   17%         7    #######
i - Summon Butterflies    Summ           ####....     4%          1    None
j - Apportation           Tloc           ##........   17%         1    None
k - Lehudib's Crystal Sp  Conj/Erth      #####.....   100%        8    #######
l - Olgreb's Toxic Radia  Pois           #####...     2%          4    #......


Dungeon Overview and Level Annotations

Branches:
Dungeon (15/15)            Temple (1/1) D:4            Lair (8/8) D:9
  Swamp (4/4) Lair:6       Spider (4/4) Lair:3        Slime (0/6) Lair:7
    Orc (2/2) D:10            Elf (0/3) Orc:2        Vaults (4/5) D:13
  Crypt (0/3) Vaults:2     Depths (0/5) D:15

Altars:
Ashenzari
Cheibriados
Dithmenos
Elyvilon
Fedhas
Gozag
Kikubaaqudgha
Makhleb
Nemelex Xobeh
Okawaru
Pakellas
Qazlal
Ru
Sif Muna
Trog
Vehumet
Xom
Yredelemnul
Zin
The Shining One
Jiyva

Shops:
D:5 }*   D:13 [   D:14 [}(   D:15 [   Orc:2 :=(*(   Vaults:3 [   Vaults:4 *

Annotations:
D:8 ugly thing!
Swamp:2 exclusion: Roxanne, Roxanne
Swamp:4 Lernaean hydra


Innate Abilities, Weirdness & Mutations

You are resistant to torment.
Your stone body is resilient (AC +15).
You are immune to poison.
Your large and strong wings let you fly indefinitely.
You resist negative energy.
You are resistant to electric shocks.
You can survive without breathing.
You are immune to petrification.
You are immune to rotting.


Message History

The yaktaur shoots a bolt.
The bolt barely misses you.
You impale the ironheart preserver!!
The ironheart preserver is heavily wounded.
The vault warden seems to regain its courage.
Cornered, the vault warden turns to fight!
The vault warden activates a sealing rune.
The yaktaur shoots a bolt.
You reflect the bolt off your +0 buckler of reflection!
The bolt hits the yaktaur!!
The bolt burns the yaktaur!
The ironheart preserver hits you with a flail.
* * * LOW HITPOINT WARNING * * *
The stone giant closely misses you.
Read which item? (? for menu, Esc to quit)
Blink to where?
Press: ? - help, Dir - move target cursor
As you read the scroll of blinking, it crumbles to dust.
The vault warden hits you with a battleaxe of flaming!
* * * LOW HITPOINT WARNING * * *
The vault warden hits you with a battleaxe of flaming!
You die...

... ... ... ..
###+###+####+#########
#......@p............#
#.......(............#
+...............c....#
#................c...#
#.........)(()c./(...#
#.......p))(.........'
#.....$.((C)(c(.c....#
######################


You could see an ironheart preserver, a stone giant (wandering), a vault warden
and 2 yaktaurs.

Vanquished Creatures
  A lich (Vaults:3)
  A thorn hunter (Swamp:2)
  A storm dragon (Vaults:2)
  A frost giant (Vaults:4)
  3 ghost moths (Spider:4)
  Louise (Swamp:3)
  An orc warlord (D:10)
  6 emperor scorpions
  9 vault wardens
  6 ironheart preservers
  2 stone giants
  A curse skull (Vaults:2)
  A very ugly thing (Vaults:1)
  The ghost of Ijustatesigmund the Severer, a journeyman MiFi of Pakellas (Orc:2)
  2 salamander stormcallers
  4 spark wasps
  3 ettins
  4 yaktaur captains
  Josephine (Spider:1)
  2 fire dragons
  6 vault guards
  12 ogre magi
  4 entropy weavers
  Fannar (D:12)
  A great orb of eyes (Vaults:3)
  An ice dragon (Vaults:2)
  24 hydras
  A ghost crab (Swamp:2)
  2 catoblepae (Lair:7)
  Erica (D:8)
  4 centaur warriors
  3 alligators
  3 tengu warriors
  3 death knights
  5 death yaks
  Urug (Orc:1)
  9 spriggans
  3 fire crabs
  15 skeletal warriors
  5 deep trolls
  The ghost of imbaray the Covert, a novice VSAs of Qazlal (D:10)
  A spriggan druid (Swamp:3)
  Pikel (D:4)
  An unseen horror (shapeshifter) (D:13)
  2 deep elf archers
  8 ironbrand convokers
  2 shambling mangroves (Swamp:3)
  7 swamp dragons (Swamp:4)
  3 unseen horrors
  7 orc knights
  11 hill giants
  A lindwurm (Lair:2)
  2 wizards
  A mana viper (shapeshifter) (Vaults:2)
  A wolf spider zombie (D:15)
  An orc sorcerer (Orc:1)
  37 wolf spiders
  32 ugly things
  18 orb spiders
  5 hornets
  4 salamanders (Vaults:1)
  6 cyclopes
  3 deep elf magi
  8 griffons
  2 manticores (Lair:6)
  2 moths of wrath
  An octopode (shapeshifter) (D:14)
  7 elephants
  Joseph (D:8)
  8 black mambas
  11 vault sentinels
  A torpor snail (Spider:3)
  2 gargoyles (D:13)
  4 kobold demonologists
  3 centaur skeletons (D:13)
  23 spiny frogs
  2 rime drakes (Lair:6)
  29 yaktaurs
  A rime drake (shapeshifter) (Vaults:1)
  12 demonic crawlers
  9 komodo dragons
  A yaktaur (shapeshifter) (D:13)
  3 freezing wraiths
  4 tengu conjurers
  8 polar bears (Lair:8)
  6 trolls
  34 two-headed ogres
  A wolf spider simulacrum (D:14)
  3 giant leeches
  A harpy skeleton (D:13)
  41 jumping spiders
  7 boulder beetles
  Grinder (D:5)
  6 bog bodies
  23 slime creatures
  19 blink frogs
  2 raiju (Lair:8)
  A fire giant simulacrum (Vaults:2)
  4 shadows
  A centaur simulacrum (D:14)
  15 wyverns
  9 wraiths
  A redback (shapeshifter) (Vaults:1)
  77 redbacks
  37 tarantellas
  33 yaks
  2 fire elementals (Lair:7)
  A vampire (D:15)
  A hippogriff (shapeshifter) (Vaults:1)
  A golden eye (shapeshifter) (Vaults:2)
  13 hippogriffs
  10 basilisks
  2 hungry ghosts
  35 vampire mosquitoes
  9 wargs
  Menkaure (D:6)
  4 mottled dragons
  17 swamp worms
  A soldier ant (shapeshifter) (D:13)
  A soldier ant (D:13)
  7 hell hounds
  Duvessa (D:6)
  12 water moccasins
  12 porcupines
  10 swamp drakes
  3 ice beasts
  A slave (D:4)
  3 sky beasts
  13 black bears (Lair:8)
  27 orc warriors
  A phantom (D:9)
  A necrophage (D:6)
  19 wasps
  15 wolves (Lair:8)
  A wolf (shapeshifter) (D:13)
  An eye of draining (D:13)
  57 ogres
  5 boggarts (Vaults:1)
  8 centaurs
  22 crocodiles
  5 big kobolds
  Blork the orc (D:5)
  24 giant frogs
  Dowan (D:6)
  A wyvern skeleton (D:13)
  3 scorpions
  8 killer bees
  14 wights
  An electric eel (Spider:2)
  2 vampire bats (Orc:1)
  A howler monkey (D:8)
  12 crimson imps
  2 giant frog zombies
  5 jellies
  7 centaur zombies
  17 hounds
  12 orc priests
  A giant frog skeleton (D:13)
  14 iguanas
  Jessica (D:2)
  15 orc wizards
  Natasha (thrice) (D:4)
  12 hell rats
  6 worker ants
  26 sheep
  2 hound skeletons
  A worker ant zombie (D:5)
  Robin (D:4)
  8 gnolls
  55 river rats
  16 adders
  3 shadow imps
  2 oozes (D:2)
  3 adder zombies (Ossuary)
  5 worms
  4 dart slugs
  13 giant geckos
  67 orcs
  6 giant cockroaches
  14 goblins
  15 hobgoblins
  16 jackals
  17 kobolds
  4 quokkas
  A ball python skeleton (Ossuary)
  16 bats
  2 giant gecko skeletons (D:4)
  2 giant gecko zombies (D:5)
  2 giant newts
  A hobgoblin skeleton (Ossuary)
  A hobgoblin zombie (Ossuary)
  2 kobold zombies (Ossuary)
  A quokka skeleton (D:5)
  2 quokka zombies (D:5)
  24 rats
  A briar patch (Swamp:4)
  A fungus (Lair:6)
  4 plants
1597 creatures vanquished.

Vanquished Creatures (collateral kills)
  Rupert (D:13)
  2 alligators
  2 slime creatures (Swamp:3)
  A redback (Spider:3)
  A killer bee (D:12)
  An orc (D:10)
8 creatures vanquished.

Vanquished Creatures (others)
  Nikola (Spider:1)
  An ogre mage (Orc:2)
  An alligator (Swamp:3)
  4 yaktaurs (Vaults:3)
  3 two-headed ogres (Orc:2)
  A giant leech (Swamp:3)
  A slime creature (Swamp:3)
  2 redbacks
  A tarantella (Spider:1)
  A wolf (Lair:8)
  5 sheep (Lair:2)
  An adder (D:4)
  An orc (Vaults:3)
  2 briar patches (Swamp:4)
  A bush (Lair:2)
  37 fungi
  35 plants
98 creatures vanquished.

Grand Total: 1703 creatures vanquished

Notes
Turn   | Place    | Note
--------------------------------------------------------------
     0 | D:1      | Ijustatesigmund the Gargoyle Conjurer began the quest for the Orb.
     0 | D:1      | Reached XP level 1. HP: 10/10 MP: 3/3
   414 | D:1      | Reached XP level 2. HP: 16/16 MP: 1/5
   644 | D:1      | Reached skill level 1 in Fighting
   845 | D:1      | Reached skill level 1 in Maces & Flails
  1033 | D:1      | Reached XP level 3. HP: 17/20 MP: 3/6
  1084 | D:1      | Learned a level 2 spell: Searing Ray
  1783 | D:2      | Noticed Jessica
  1789 | D:2      | Killed Jessica
  1789 | D:2      | Reached skill level 2 in Fighting
  1789 | D:2      | Reached XP level 4. HP: 25/27 MP: 0/7
  2268 | D:3      | Found a shattered altar of Ashenzari.
  2586 | D:3      | Reached skill level 1 in Armour
  2649 | D:2      | Reached XP level 5. HP: 18/31 MP: 2/8
  3075 | D:3      | Reached skill level 3 in Fighting
  3340 | D:3      | Learned a level 3 spell: Dazzling Spray
  3368 | D:3      | Reached XP level 6. HP: 24/37 MP: 0/9
  3508 | D:3      | Found a blossoming altar of Fedhas.
  3967 | D:2      | Reached skill level 5 in Conjurations
  4137 | D:2      | Reached skill level 4 in Fighting
  4805 | D:4      | Reached XP level 7. HP: 43/43 MP: 10/10
  4818 | D:4      | Reached skill level 1 in Shields
  4821 | D:4      | Noticed Natasha
  4827 | D:4      | Killed Natasha
  4915 | D:4      | Noticed Robin
  4919 | D:4      | Killed Robin
  5022 | D:4      | Found a staircase to the Ecumenical Temple.
  5137 | D:4      | Noticed Natasha
  5141 | D:4      | Killed Natasha
  5144 | Temple   | Entered the Ecumenical Temple
  5360 | Temple   | Became a worshipper of Vehumet
  5406 | D:4      | Noticed Natasha
  5413 | D:4      | Killed Natasha
  5514 | D:4      | Noticed Pikel
  5546 | D:4      | Killed Pikel
  5546 | D:4      | Reached skill level 5 in Fighting
  5546 | D:4      | Reached skill level 5 in Maces & Flails
  5546 | D:4      | Reached XP level 8. HP: 24/51 MP: 7/11
  6193 | D:5      | Entered Level 5 of the Dungeon
  6213 | D:5      | Reached skill level 1 in Hexes
  6243 | D:5      | Found a burning altar of Makhleb.
  6288 | D:5      | Reached skill level 6 in Fighting
  6297 | D:5      | Found Iptied's Gadget Emporium.
  6386 | D:5      | Noticed Blork the orc
  6393 | D:5      | Killed Blork the orc
  6401 | D:5      | Found Naluhy's Assorted Antiques.
  6716 | D:5      | Noticed Grinder
  6735 | D:5      | Paralysed by Grinder for 6 turns
  6745 | D:5      | Killed Grinder
  6745 | D:5      | Reached skill level 7 in Fighting
  6745 | D:5      | Reached XP level 9. HP: 39/57 MP: 12/12
  7407 | D:5      | Found a sacrificial altar of Ru.
  7434 | D:6      | Reached * piety under Vehumet
  7434 | D:6      | Offered knowledge of Sting by Vehumet.
  7558 | D:6      | Found a sand-covered staircase.
  7563 | Ossuary  | Entered an ossuary
  8080 | D:6      | Noticed Menkaure
  8087 | D:6      | Killed Menkaure
  8412 | D:6      | Noticed Duvessa
  8417 | D:6      | Noticed Dowan
  8423 | D:6      | Killed Duvessa
  8423 | D:6      | Reached skill level 5 in Stealth
  8436 | D:6      | Killed Dowan
  8844 | D:5      | Bought a disc of storms for 240 gold pieces
  8911 | D:7      | Noticed a white ugly thing
  8919 | D:7      | Found a sacrificial altar of Ru.
  9156 | D:8      | Found a shadowy altar of Dithmenos.
  9277 | D:8      | Reached skill level 1 in Evocations
  9343 | D:8      | Noticed Erica
  9355 | D:8      | Killed Erica
  9355 | D:8      | Reached XP level 10. HP: 63/63 MP: 14/16
  9408 | D:8      | Reached ** piety under Vehumet
  9604 | D:8      | Offered knowledge of Throw Frost by Vehumet.
  9610 | D:8      | Noticed Joseph
  9623 | D:8      | Killed Joseph
  9623 | D:8      | Reached skill level 5 in Spellcasting
 10283 | D:8      | Learned a level 3 spell: Conjure Flame
 10287 | D:8      | Learned a level 3 spell: Mephitic Cloud
 10795 | D:9      | Reached skill level 1 in Poison Magic
 10972 | D:9      | Reached skill level 1 in Air Magic
 10976 | D:9      | Offered knowledge of Stone Arrow by Vehumet.
 10985 | D:9      | HP: 3/63 [orc warrior/dire flail (19)]
 11510 | D:9      | Found a staircase to the Lair.
 11730 | D:9      | Reached *** piety under Vehumet
 11748 | D:10     | Entered Level 10 of the Dungeon
 11748 | D:10     | Noticed imbaray's ghost (novice VSAs)
 11791 | D:10     | Noticed a hill giant
 11802 | D:9      | Killed a hill giant
 11802 | D:9      | Reached skill level 8 in Fighting
 11802 | D:9      | Reached XP level 11. HP: 63/68 MP: 18/18
 11946 | D:10     | Killed imbaray's ghost
 11946 | D:10     | Reached skill level 5 in Evocations
 12091 | D:10     | Offered knowledge of Inner Flame by Vehumet.
 12096 | D:10     | Learned a level 3 spell: Inner Flame
 12123 | D:10     | Noticed a cyclops
 12136 | D:10     | Killed a cyclops
 12676 | D:10     | Found a staircase to the Orcish Mines.
 12834 | D:10     | Noticed a hill giant
 12854 | D:10     | Killed a hill giant
 12854 | D:10     | Reached skill level 9 in Fighting
 12900 | D:10     | Noticed a hill giant
 12917 | D:10     | Killed a hill giant
 13060 | D:10     | Noticed a red ugly thing
 13068 | D:10     | Killed a red ugly thing
 13833 | D:11     | Noticed a seven-headed hydra
 13840 | D:11     | Killed a seven-headed hydra
 14161 | D:11     | Noticed a cyclops
 14195 | D:11     | Killed a cyclops
 14527 | D:11     | Got a distressingly furry leather armour
 14570 | D:11     | Noticed a cyclops
 14579 | D:11     | Killed a cyclops
 14593 | D:11     | Reached skill level 10 in Fighting
 15079 | D:11     | Noticed a four-headed hydra
 15090 | D:11     | Killed a four-headed hydra
 15130 | D:11     | Reached XP level 12. HP: 76/78 MP: 19/19
 15231 | D:11     | Identified the +2 leather armour "Ateinunue" {*Drain rElec Int+2 Dex+2} (You found it on level 11 of the Dungeon)
 15291 | D:12     | Reached **** piety under Vehumet
 15521 | D:12     | Noticed Fannar
 15553 | D:12     | Killed Fannar
 15553 | D:12     | Reached skill level 5 in Dodging
 15733 | D:12     | Learned a level 6 spell: Poisonous Cloud
 15759 | D:12     | Offered knowledge of Sticky Flame by Vehumet.
 16110 | D:13     | Reached skill level 11 in Fighting
 16166 | D:13     | Noticed a tengu warrior
 16168 | D:13     | Found Loackoeth's Armour Boutique.
 16176 | D:13     | Killed a tengu warrior
 16182 | D:13     | Bought a +0 pair of boots for 81 gold pieces
 16651 | Lair:1   | Entered Level 1 of the Lair of Beasts
 17864 | Lair:2   | Reached skill level 5 in Air Magic
 17875 | Lair:2   | Got a pitted bone ring
 17939 | Lair:2   | Reached skill level 5 in Poison Magic
 17978 | Lair:2   | Reached ***** piety under Vehumet
 17978 | Lair:2   | Offered knowledge of Bolt of Magma by Vehumet.
 18068 | Lair:2   | Noticed a five-headed hydra
 18225 | Lair:2   | Found a shimmering altar of Xom.
 18292 | Lair:2   | Killed a five-headed hydra
 18292 | Lair:2   | Reached XP level 13. HP: 25/84 MP: 20/20
 18295 | Lair:2   | HP: 1/126 [black mamba (11)]
 19235 | Lair:3   | Found a hole to the Spider Nest.
 19327 | Lair:3   | Identified the ring of Ysasexku {rF+++ rC+++ Str+4 Dex-3} (You found it on level 2 of the Lair of Beasts)
 21149 | Orc:1    | Entered Level 1 of the Orcish Mines
 21156 | Orc:1    | Noticed an orc warlord
 21746 | D:10     | Killed an orc warlord
 22222 | Orc:2    | Entered Level 2 of the Orcish Mines
 22222 | Orc:2    | Found Vediwk's Weapon Boutique.
 22222 | Orc:2    | Noticed Ijustatesigmund's ghost (journeyman MiFi)
 22663 | Orc:1    | Reached skill level 12 in Fighting
 23098 | Orc:1    | Noticed Urug
 23111 | Orc:1    | Killed Urug
 23111 | Orc:1    | Reached skill level 10 in Maces & Flails
 23336 | Orc:2    | Killed Ijustatesigmund's ghost
 23336 | Orc:2    | Reached skill level 5 in Shields
 23759 | Orc:2    | Found a staircase to the Elven Halls.
 24106 | Orc:2    | Noticed an ogre mage
 24109 | Orc:2    | Noticed an ogre mage
 24121 | Orc:2    | Killed an ogre mage
 24128 | Orc:2    | Killed an ogre mage
 24141 | Orc:2    | Gained mutation: Your large and strong wings let you fly indefinitely. [Gargoyle growth]
 24141 | Orc:2    | Reached XP level 14. HP: 89/92 MP: 21/21
 24143 | Orc:2    | Offered knowledge of Delayed Fireball by Vehumet.
 24166 | Orc:2    | Found Jititirch's Book Shop.
 24166 | Orc:2    | Found Dacedaim's Jewellery Shoppe.
 24167 | Orc:2    | Found Liys's Antique Weapon Shoppe.
 24167 | Orc:2    | Found Iwketwiv's Assorted Antiques.
 24204 | Orc:2    | Bought a scroll of identify for 52 gold pieces
 24206 | Orc:2    | Bought the ring of the Manifold Seas {rCorr Slay+2 Stlth+} for 573 gold pieces
 26615 | Lair:5   | Reached skill level 13 in Fighting
 26905 | Lair:6   | Found a sparkling altar of Nemelex Xobeh.
 27116 | Lair:6   | Found a staircase to the Swamp.
 27388 | Lair:6   | Offered knowledge of Venom Bolt by Vehumet.
 27394 | Lair:6   | Reached ****** piety under Vehumet
 29103 | Lair:7   | Found a staircase to the Slime Pits.
 29103 | Lair:7   | Found a viscous altar of Jiyva.
 29312 | Lair:7   | Reached XP level 15. HP: 100/100 MP: 26/26
 29358 | Lair:8   | Entered Level 8 of the Lair of Beasts
 29431 | Lair:8   | Reached skill level 14 in Fighting
 30436 | Lair:8   | Offered knowledge of Bolt of Cold by Vehumet.
 30938 | Lair:8   | Got a spiked leather armour
 31394 | Lair:8   | Offered knowledge of Orb of Destruction by Vehumet.
 31801 | Lair:8   | Learned a level 7 spell: Orb of Destruction
 32925 | D:13     | Identified the +2 leather armour "Joahi" {rF++ Dex+3} (You found it on level 8 of the Lair of Beasts)
 32933 | D:13     | Noticed Rupert
 32944 | D:13     | Killed Rupert
 33051 | D:13     | Reached skill level 15 in Fighting
 33606 | D:13     | Found a gate to the Vaults.
 33708 | D:13     | Got a warped copper ring
 34019 | D:13     | Identified the ring of Woigi {rF+ MP-9 Dex+4 Slay+4} (You found it on level 13 of the Dungeon)
 34218 | D:14     | Found Kymempie's Weapon Emporium.
 34398 | D:14     | Found Zozuybb's Gadget Boutique.
 35088 | D:14     | Found Kauh's Antique Armour Boutique.
 35159 | D:14     | Reached XP level 16. HP: 93/108 MP: 27/27
 35308 | D:14     | Found Jakatak's Magic Scroll Shoppe.
 35386 | D:14     | Offered knowledge of Ozocubu's Refrigeration by Vehumet.
 35740 | D:15     | Entered Level 15 of the Dungeon
 35752 | D:15     | Reached skill level 5 in Armour
 35766 | D:15     | Learned a level 1 spell: Summon Butterflies
 35768 | D:15     | Learned a level 1 spell: Apportation
 36116 | D:15     | Found Etti's Armour Emporium.
 36671 | D:15     | Found a staircase to the Depths.
 37610 | Spider:1 | Entered Level 1 of the Spider Nest
 37707 | Spider:1 | Noticed Josephine
 37720 | Spider:1 | Killed Josephine
 38065 | Spider:1 | Noticed Nikola
 38094 | Spider:1 | Killed Nikola
 38367 | Spider:1 | Reached skill level 1 in Summonings
 39159 | Spider:2 | Reached skill level 10 in Conjurations
 39332 | Spider:2 | Offered knowledge of Poison Arrow by Vehumet.
 39341 | Spider:2 | Reached XP level 17. HP: 56/113 MP: 28/28
 40789 | Spider:3 | Reached skill level 16 in Fighting
 42678 | Spider:4 | Entered Level 4 of the Spider Nest
 42688 | Spider:4 | Reached skill level 1 in Throwing
 44069 | Spider:4 | Reached skill level 5 in Throwing
 44580 | Swamp:1  | Entered Level 1 of the Swamp
 45444 | Swamp:2  | Got a warped battleaxe
 45445 | Swamp:2  | Identified the cursed +0 battleaxe of Action {flame, rPois Str+2 Stlth+} (You found it on level 2 of the Swamp)
 45617 | Swamp:2  | Got a faintly glowing tin ring
 45618 | Swamp:2  | Identified the ring "Pekot" {Dex-3 Slay+6 SInv Stlth+} (You found it on level 2 of the Swamp)
 45770 | Swamp:2  | Noticed Roxanne
 46096 | Swamp:3  | Offered knowledge of Lehudib's Crystal Spear by Vehumet.
 46096 | Swamp:3  | Offered knowledge of Fire Storm by Vehumet.
 46096 | Swamp:3  | Offered knowledge of Glaciate by Vehumet.
 46103 | Swamp:3  | Identified a scroll of acquirement
 46173 | Swamp:3  | Noticed Louise
 46178 | Swamp:3  | Killed Louise
 46178 | Swamp:3  | Reached XP level 18. HP: 96/120 MP: 20/30
 46414 | Swamp:4  | Entered Level 4 of the Swamp
 47732 | Swamp:4  | Upgraded the game from 0.18-a0-1637-g109f206 to 0.18-a0-1639-g7533f42
 47933 | Swamp:4  | Reached skill level 10 in Spellcasting
 48248 | Swamp:4  | Noticed the 27-headed Lernaean hydra
 48646 | Swamp:3  | Learned a level 8 spell: Lehudib's Crystal Spear
 48690 | Swamp:4  | Reached skill level 1 in Earth Magic
 49649 | Swamp:4  | Got a decaying rune of Zot
 50777 | Spider:4 | Reached skill level 10 in Stealth
 51865 | Spider:4 | Got a gossamer rune of Zot
 52226 | Lair:1   | Learned a level 3 spell: Ignite Poison
 52454 | Vaults:1 | Entered Level 1 of the Vaults
 52605 | Vaults:1 | Reached skill level 1 in Fire Magic
 52697 | Vaults:1 | Reached skill level 1 in Transmutations
 52913 | Vaults:1 | Cast into level 2 of the Abyss (an ogre mage)
 52920 | Vaults:1 | Escaped the Abyss
 53747 | Vaults:1 | Reached XP level 19. HP: 40/125 MP: 18/33
 56276 | Vaults:2 | Found a staircase to the Crypt.
 56614 | Vaults:2 | Reached skill level 17 in Fighting
 57654 | Vaults:2 | Got a scintillating ivory ring
 57656 | Vaults:2 | Identified the ring "Ydirir" {+Blink rPois AC+1} (You found it on level 2 of the Vaults)
 58830 | Vaults:3 | Found Yjuekoni's Antique Armour Shoppe.
 58851 | Vaults:3 | Reached XP level 20. HP: 109/134 MP: 25/34
 60343 | Vaults:3 | Bought a shiny buckler for 180 gold pieces
 60343 | Vaults:3 | Bought a heavily runed scale mail for 360 gold pieces
 60343 | Vaults:3 | Bought an encrusted helmet for 380 gold pieces
 60365 | Vaults:3 | Identified the cursed +0 helmet "Fuix" {rPois Regen+ Int-5} (You bought it in a shop on level 3 of the Vaults)
 60512 | Vaults:3 | Identified the +6 scale mail of the Illusory Suns {*Corrode rPois Slay+5 SInv} (You bought it in a shop on level 3 of the Vaults)
 60952 | Vaults:4 | Learned a level 4 spell: Olgreb's Toxic Radiance
 60963 | Vaults:4 | Found Sanutuak's Assorted Antiques.
 60970 | Vaults:4 | Bought a potion of agility for 148 gold pieces
 60970 | Vaults:4 | Bought a scroll of fear for 129 gold pieces
 61326 | Vaults:4 | Mangled by a vault warden

Vault maps used:
D:1:      minmay_arrival_loop
D:2:      wad_pebble_path, uniq_jessica
D:3:      ashenzari_conservatory_becter, fedhas_altar_fruit_tree
D:4:      minmay_temple_entry_trees, uniq_natasha, uniq_robin, uniq_pikel
D:5:      lemuel_doored_altar, serial_undead, serial_undead_b, serial_undead_f,
          serial_undead_e, serial_undead_d, serial_shops, shop_fountains,
          nicolae_shop_window_shopping, first_bread, kennysheep_flooded_box,
          uniq_grinder, uniq_blork_the_orc
D:6:      enter_ossuary_2, uniq_menkaure, uniq_duvessa
D:7:      nicolae_ru_awakened_eye, the_bakery
D:8:      basic_altar, uniq_erica, uniq_joseph
D:9:      erik_lair_dragon
D:10:     orc_0_dummy
D:12:     uniq_fannar
D:13:     hourglass_vault, hangedman_vaults_entry_quadrant_bands,
          serial_column_ruins, column_ruins_open_large, column_ruins_open_tiny,
          column_ruins_columns_straight, column_ruins_open_tiny,
          column_ruins_grid_1, column_ruins_open_small,
          column_ruins_corridor_dead_end, serial_shops, shop, uniq_rupert
D:14:     serial_shops, nicolae_shop_behind_doors,
          nicolae_shop_overgrown_old_shop, nicolae_shop_behind_doors,
          nicolae_shop_competitors_out_of_business,
          hangedman_abyss_or_decor_stabs, minmay_misc_feat_roman,
          minmay_librarian
D:15:     hangedman_depths_entry_civil_slaughter, serial_shops, shop,
          minmay_door_square
Temple:   nicolae_temple_the_god_donut
Lair:1:   lemuel_fruit_fields
Lair:2:   nicolae_volcano_entry_vermiform, minmay_hedge_maze,
          kb_xom_exploding_sheep, lemuel_fruit_fields
Lair:3:   nicolae_spider_entry_non_spiders
Lair:4:   wad_woods_minihive, lemuel_fruit_tree
Lair:5:   lemuel_ratsnest, infiniplex_staircase_pool_2
Lair:6:   minmay_swamp_entry_swarm, special_room, basic_altar
Lair:7:   slime_altar_1, grunt_megastairs_5
Lair:8:   hangedman_lair_caniforms_friends, nicolae_lair_yak_garden
Swamp:1:  nicolae_swamp_trees_clearing, swamp_pool1
Swamp:2:  serial_swamp_ruin, evilmike_swamp_ruin_house_2,
          evilmike_swamp_ruin_house_4, evilmike_swamp_ruin_house_3, uniq_roxanne
Swamp:3:  evilmike_swamp_ruin_house_6, uniq_louise
Swamp:4:  swamp, swamp_pool2
Spider:1: uniq_nikola, uniq_josephine
Spider:2: nicolae_orb_island
Spider:3: einodemon_crawler_minivault
Spider:4: grunt_spider_rune_circles
Orc:1:    roderic_batcave, uniq_urug
Orc:2:    st_orc_ogre_mass, serial_shops, shop
Vaults:1: v_misc_22, nicolae_vaults_circle_grid_b, hangedman_vaults_restitches,
          v_pattern_1, v_misc_25, ontoclasm_vaults_gallery,
          vaults_room_semicircle, vaults_mumra_minichess_inversion,
          grunt_vaults_funnel, v_rooms_2, v_alt_pattern_6,
          vaults_room_stairs_pillars, vaults_dpeg_ring
Vaults:2: v_misc_1, ontoclasm_vaults_fault, minmay_crypt_entry_simple_plaza,
          nicolae_vaults_border_crossing, v_alt_pattern_3,
          vaults_room_fancy_cross, vaults_room_hangedman_quadrants,
          vaults_room_ringed_pool, v_misc_2, vaults_dpeg_encased_lava
Vaults:3: hangedman_vaults_stagger, v_misc_18, st_lines,
          nicolae_vaults_yaktaur_gun_rack, v_misc_3, vaults_dpeg_diagonal,
          vaults_dpeg_hooks, serial_shops, shop
Vaults:4: v_misc_29, hangedman_vaults_trim, v_rooms_4,
          nicolae_vaults_ninety_degrees, vaults_room_pools,
          vaults_standard_mumra_lines, nicolae_vaults_little_squares_5,
          hangedman_vaults_capsules, v_alt_pattern_1, vaults_room_pool,
          nicolae_vaults_branching_niches, serial_shops, shop, uniq_jory
Abyss:2:  hangedman_decor_riveting
Ossuary:  ossuary_due_cavern

Skill      XL: |  1  2  3  4  5  6  7  8  9 10 11 12 13 14 15 16 17 18 19 20 |
---------------+-------------------------------------------------------------+-----
Fighting       | 1 2 3 4 5 7 8 10 11 12 13 15 16 17 | 17.0
Stealth        | 3 5 6 7 9 11 | 11.0
Maces & Flails | 1 2 3 4 5 6 8 9 10 12 13 14 | 14.7
Armour         | 1 2 4 7 9 |  9.0
Conjurations   | 5 6 7 9 10 11 13 | 13.1
Shields        | 3 6 7 8 |  8.4
Hexes          | 3 |  3.1
Dodging        | 2 4 5 7 |  7.4
Spellcasting   | 4 5 7 8 10 11 | 11.7
Evocations     | 2 4 6 7 |  7.3
Poison Magic   | 2 6 7 |  7.9
Air Magic      | 2 3 6 7 |  7.4
Summonings     | 2 3 |  3.1
Throwing       | 7 |  7.0
Earth Magic    | 4 |  4.3
Fire Magic     | 3 4 |  4.3
Transmutations | 2 4 |  4.0

Action                   |  1- 3 |  4- 6 |  7- 9 | 10-12 | 13-15 | 16-18 | 19-21 || total
-------------------------+-------+-------+-------+-------+-------+-------+-------++-------
Melee: Club              |    78 |    27 |       |       |       |       |       ||   105
       Flail             |       |    38 |       |       |       |       |       ||    38
       Morningstar       |       |    37 |   259 |   791 |  1595 |  1651 |   823 ||  5156
 Fire: Blowgun           |       |       |       |       |       |     6 |       ||     6
Throw: Tomahawk          |       |     1 |     5 |     6 |     8 |       |       ||    20
 Cast: Magic Dart        |    59 |   121 |    38 |    33 |    89 |   274 |    79 ||   693
       Searing Ray       |       |    10 |     6 |     3 |       |       |       ||    19
       Dazzling Spray    |       |       |     2 |    10 |    38 |   115 |     3 ||   168
       Mephitic Cloud    |       |       |       |    24 |    92 |    60 |    41 ||   217
       Conjure Flame     |       |       |       |     6 |     3 |       |       ||     9
       Inner Flame       |       |       |       |       |     1 |       |       ||     1
       Poisonous Cloud   |       |       |       |       |     1 |    20 |    31 ||    52
       Ignite Poison     |       |       |       |       |       |    12 |    55 ||    67
       Apportation       |       |       |       |       |       |     7 |       ||     7
       Summon Butterflie |       |       |       |       |       |     1 |       ||     1
       Olgreb's Toxic Ra |       |       |       |       |       |       |     1 ||     1
 Abil: Evoke Berserk Rag |       |       |     1 |    10 |    13 |     7 |     1 ||    32
       Fly               |       |       |       |       |       |     7 |       ||     7
       Stop Flying       |       |       |       |       |       |     4 |       ||     4
Evoke: Wand              |       |       |       |     1 |    14 |    22 |     9 ||    46
       Box of beasts     |       |       |       |       |     1 |     2 |       ||     3
       Phantom mirror    |       |       |       |       |     1 |       |       ||     1
       Disc of storms    |       |       |       |       |       |     2 |       ||     2
  Use: Scroll            |     1 |     4 |     6 |    11 |    12 |    43 |    10 ||    87
       Potion            |       |     2 |     3 |     9 |     7 |    10 |     5 ||    36
 Stab: Sleeping          |     2 |     1 |    10 |    19 |    30 |    24 |     9 ||    95
       Distracted        |       |       |       |     2 |     3 |     5 |     3 ||    13
       Confused          |       |       |       |     6 |    36 |    28 |     3 ||    73
       Invisible         |       |       |       |     2 |     5 |    18 |     1 ||    26
       Petrified         |       |       |       |       |     3 |       |       ||     3
       Petrifying        |       |       |       |       |     1 |       |       ||     1
  Eat: Chunk             |     4 |     7 |     4 |    19 |    20 |    15 |    15 ||    84
       Bread ration      |       |     1 |       |       |     2 |     6 |     1 ||    10
       Fruit             |       |     1 |     6 |     5 |    24 |     3 |       ||    39
       Meat ration       |       |       |     1 |     2 |     1 |     2 |     3 ||     9
       Beef jerky        |       |       |     1 |       |     2 |     3 |     3 ||     9
       Pizza             |       |       |       |     1 |     2 |     1 |       ||     4
       Royal jelly       |       |       |       |     3 |     6 |     6 |       ||    15
